 Dungeon Crawl Stone Soup version 0.28-a0-1524-ge72afd5fc6 (webtiles) character file.

Game seed: 6224653096000628644

307 murtidash the Skirmisher (level 6, -2/58 HPs)
             Began as a Hill Orc Delver on Jan 17, 2022.
             Slain by Terence (10 damage)
             ... on level 3 of the Dungeon.
             The game lasted 00:04:31 (3874 turns).

murtidash the Skirmisher (Hill Orc Delver)          Turns: 3874, Time: 00:04:32

Health: -2/58      AC:  6    Str: 17    XL:     6   Next: 40%
Magic:  6/6        EV: 10    Int: 10    God:
Gold:   58         SH:  0    Dex: 10    Spells: 5/5 levels left

rFire   + . .      SeeInvis .   i - +0 war axe
rCold   + . .      Faith    .   (no shield)
rNeg    . . .      Spirit   .   r - +0 ring mail
rPois   .          Reflect  .   (no helmet)
rElec   .          Harm     .   n - +0 cloak
rCorr   .          Rampage  .   (no gloves)
Will    .....                   (no boots)
Stlth   ++........              (no amulet)
HPRegen 0.19/turn               (no ring)
MPRegen 0.10/turn               (no ring)

@: no status effects
A: clumsy 1, cold resistance 1, fire resistance 1, subdued magic 1
a: no special abilities


You were on level 3 of the Dungeon.
You visited 1 branch of the dungeon, and saw 5 of its levels.

You collected 58 gold pieces.

Inventory:

Hand Weapons
 a - a +0 hand axe
 i - a +0 war axe (weapon)
   (You found it on level 1 of the Dungeon)
Armour
 b - a +0 leather armour
 n - a +0 cloak (worn)
   (You found it on level 1 of the Dungeon)
 r - a +0 ring mail (worn)
   (You took it off a goblin on level 2 of the Dungeon)
Jewellery
 l - a ring of fire {rF+, rC-}
   (You found it on level 1 of the Dungeon)
Wands
 f - a wand of flame (13)
   (You took it off Jessica on level 3 of the Dungeon)
 g - a wand of digging (3)
 t - a wand of polymorph (5)
   (You found it on level 2 of the Dungeon)
Scrolls
 c - a scroll of fog
 d - a scroll of magic mapping {!r}
 h - a scroll of amnesia {unknown}
 j - a scroll of blinking {unknown}
 k - 2 scrolls of holy word {unknown}
 m - 3 scrolls of teleportation {unknown}
 o - a scroll of identify {unknown}
 p - a scroll of enchant weapon {unknown}
 q - a scroll of torment {unknown}
 s - a scroll of enchant armour {unknown}


   Skills:
 + Level 6.4 Fighting
 + Level 6.3 Axes
 - Level 1.5 Dodging
 - Level 4.1 Stealth


You had 5 spell levels left.
You didn't know any spells.
Your spell library contained the following spells:

 Spells                   Type           Power      Damage    Failure   Level
 Conjure Flame            Conj/Fire      0%         6-21      89%         3
 Ignite Poison            Fire/Tmut/Pois 0%         N/A       89%         3
 Sticky Flame             Conj/Fire      0%         2d3       100%        4


Dungeon Overview and Level Annotations

Branches:
Dungeon (5/15)
 Temple: D:4-7

Altars:
Ashenzari

Shops:
D:3 *

Annotations:
D:3 Terence


Innate Abilities, Weirdness & Mutations

You are clumsy. (Dex -2)
Your flesh is cold resistant. (rC+)
Your flesh is heat resistant. (rF+)
Your spells are a little easier to cast, but a little less powerful.


Message History

The bullfrog zombie completely misses you.
You slash the bullfrog zombie!
The bullfrog zombie hits you but does no damage.
The bullfrog zombie hits you.
You completely miss the bullfrog zombie.
The bullfrog zombie barely misses you.
You barely miss the bullfrog zombie. The bullfrog zombie closely misses you.
A giant cockroach comes into view.
The bullfrog zombie hits you but does no damage.
The hobgoblin completely misses you.
You barely miss the bullfrog zombie. You hit the hobgoblin.
The bullfrog zombie hits you but does no damage.
The hobgoblin hits you but does no damage.
You hit the bullfrog zombie. You closely miss the hobgoblin.
The bullfrog zombie hits you.
The hobgoblin hits you but does no damage.
The bullfrog zombie hits you.
You take 6 damage, and have 48/57 hp.
You slash the bullfrog zombie!
You destroy the bullfrog zombie!
You hit the hobgoblin.
You kill the hobgoblin!
The giant cockroach barely misses you.
You closely miss the giant cockroach.
The giant cockroach bites you but does no damage.
You hit the giant cockroach.
The giant cockroach bites you but does no damage.
You barely miss the giant cockroach.
The giant cockroach bites you but does no damage.
The giant cockroach barely misses you.
You barely miss the giant cockroach.
The giant cockroach bites you but does no damage.
You hit the giant cockroach but do no damage.
The giant cockroach bites you but does no damage.
The giant cockroach completely misses you.
You slash the giant cockroach!
You kill the giant cockroach!
No target in view!
No target in view!
No target in view!
Found a stone staircase leading down.
Health restored: 58
j - a scroll labelled BIJIXUNIDGH
Found a stone staircase leading up.
Found Kapnouck's Assorted Antiques.
Found a +0 mace of protection.
A bat comes into view.
A bat is nearby!
The helpless bat fails to defend itself.
You slash the bat!
You kill the bat!
No target in view!
No target in view!
No target in view!
No target in view!
No target in view!
No target in view!
No target in view!
No target in view!
No target in view!
No target in view!
No target in view!
No target in view!
No target in view!
There is an entrance to Kapnouck's Assorted Antiques here.
Unknown command.
You see here a +0 mace of protection.
Found a stone staircase leading down.
There is a stone staircase leading down here.
Terence is nearby!
Terence drinks a potion.
Terence seems to grow stronger.
You hit Terence. Terence hits you with a +0 flail!
You take 13 damage, and have 45/58 hp.
MASSIVE DAMAGE!!
You completely miss Terence. Terence hits you with a +0 flail!
You take 11 damage, and have 34/58 hp.
You are too injured to fight recklessly!
You are too injured to fight recklessly!
You are too injured to fight recklessly!
You are too injured to fight recklessly!
You are too injured to fight recklessly!
You are too injured to fight recklessly!
You are too injured to fight recklessly!
You are too injured to fight recklessly!
You are too injured to fight recklessly!
You are too injured to fight recklessly!
You are too injured to fight recklessly!
You are too injured to fight recklessly!
You are too injured to fight recklessly!
You hit Terence. Terence completely misses you. Terence barely misses you.
You slash Terence! Terence misses you.
You hit Terence. Terence hits you with a +0 flail.
You take 3 damage, and have 31/58 hp.
You hit Terence. Terence hits you with a +0 flail!
You take 10 damage, and have 21/58 hp.
You hit Terence. Terence hits you with a +0 flail!
* * * LOW HITPOINT WARNING * * *
You take 13 damage, and have 8/58 hp.
MASSIVE DAMAGE!!
It was a potion of magic.
Magic courses through your body. Terence hits you with a +0 flail!
You die...

#<.# #.# #..# #.#
## #..#######.#
##.#####...........
#.#...............#
#.###.....########
#.# #.......# # #.#
#.....#.# ##
#@###.....#.#####.
#..@...............
#..#########..####.
#..# #............
#..# #.####.>#####
#..# #..# .... #..#
#... #..# ##...####
#..#


You could see Terence (strong).

Vanquished Creatures
  A bullfrog zombie (D:3)
  Jessica (D:3)
  Natasha (D:3)
  2 orc wizards (D:3)
  5 adders
  4 gnolls (D:2)
  A worm (D:3)
  3 dart slugs
  8 orcs (D:3)
  4 endoplasms
  5 giant cockroaches
  4 hobgoblins
  10 jackals
  3 kobolds
  A quokka (D:1)
  5 ball pythons
  8 bats
  2 frilled lizards (D:1)
  4 goblins
  3 rats
  2 bushes (D:1)
77 creatures vanquished.

Notes
Turn   | Place    | Note
-------+----------+-------------------------------------------
     0 | D:5      | murtidash the Hill Orc Delver began the quest for the Orb.
     0 | D:5      | Reached XP level 1. HP: 19/19 MP: 1/1
    66 | D:1      | Reached skill level 3 in Axes
   213 | D:1      | Reached XP level 2. HP: 24/27 MP: 2/2
   217 | D:1      | Reached skill level 4 in Fighting
   781 | D:1      | Found a faded altar of an unknown god.
  1070 | D:2      | Reached XP level 3. HP: 34/34 MP: 3/3
  1077 | D:2      | Found a broken altar of Ashenzari.
  1297 | D:2      | Reached skill level 4 in Axes
  1774 | D:2      | Reached XP level 4. HP: 29/41 MP: 4/4
  2043 | D:2      | Reached skill level 5 in Fighting
  2333 | D:3      | Noticed Jessica
  2343 | D:3      | Killed Jessica
  2344 | D:3      | Reached skill level 5 in Axes
  2344 | D:3      | Reached XP level 5. HP: 22/48 MP: 5/5
  2543 | D:3      | Noticed Terence
  2549 | D:3      | Gained mutation: Your flesh is heat resistant. (rF+)
                  | [potion of mutation]
  2549 | D:3      | Gained mutation: Your spells are a little easier to cast,
                  | but a little less powerful. [potion of mutation]
  2549 | D:3      | Gained mutation: You are clumsy. (Dex -2) [potion of
                  | mutation]
  2549 | D:3      | Gained mutation: Your flesh is cold resistant. (rC+)
                  | [potion of mutation]
  2972 | D:3      | Noticed Natasha
  2982 | D:3      | HP: 7/50 [Natasha/magic dart (5)]
  2983 | D:3      | Killed Natasha
  2984 | D:3      | Reached skill level 6 in Fighting
  3278 | D:3      | Reached XP level 6. HP: 29/57 MP: 6/6
  3287 | D:3      | HP: 11/57 [something (3)]
  3289 | D:3      | Reached skill level 6 in Axes
  3814 | D:3      | Found Kapnouck's Assorted Antiques.
  3873 | D:3      | HP: 8/58 [Terence (13)]
  3874 | D:3      | Slain by Terence

Illustrated notes

Levels and vault maps discovered:
D:1:      ebering_hopf_link, layout_rooms, serial_forest,
          infiniplex_forest_lined_3_way, infiniplex_forest_end_double,
          infiniplex_forest_fountain, infiniplex_forest_lined_3_way,
          infiniplex_forest_straight_4,
          dreamdust_ecumenical_altar_hidden_monk_grotto
D:2:      layout_loops_ring, basic_altar, hangedman_abyss_or_decor_stabs
D:3:      layout_loops_ring, serial_shops, nicolae_shop_stone, uniq_jessica,
          uniq_terence, uniq_natasha
D:4:      layout_rooms
D:5:      layout_basic, serial_undead, serial_undead_d, serial_undead_c,
          serial_undead_c, serial_undead_c, uniq_duvessa, uniq_sigmund

Skill      XL: |  1  2  3  4  5  6 |
---------------+-------------------+-----
Axes           | 3 4 5 6 |  6.3
Fighting       | 4 5 6 |  6.4
Dodging        | |  1.5
Stealth        | |  4.1

Action                   |  1- 3 |  4- 6 || total
-------------------------+-------+-------++-------
Melee: Hand axe          |    14 |       ||    14
       War axe           |   197 |   136 ||   333
       Punch             |     3 |     1 ||     4
  Use: Potion            |     1 |     3 ||     4
       Scroll            |       |     1 ||     1
 Stab: Sleeping          |     2 |     3 ||     5
       Distracted        |     1 |       ||     1
Armor: Leather armour    |    37 |       ||    37
       Ring mail         |     6 |    55 ||    61
Dodge: Dodged            |    83 |    89 ||   172

Table legend: (Time is in decaauts)
 A = Elapsed time spent in this place.
 B = Non-inter-level travel time spent in this place.
 C = Inter-level travel time spent in this place.
 D = Time resting spent in this place.
 E = Time spent auto-exploring this place.
 F = Levels seen in this place.
 G = Mean time per level.
                   A        B        C        D        E       F      G
               +--------+--------+--------+--------+--------+-----+--------+
         Total |   3950 |   3856 |     94 |    534 |   2474 |   5 |  790.0 |
       Dungeon |   3950 |   3856 |     94 |    534 |   2474 |   5 |  790.0 |
               +--------+--------+--------+--------+--------+-----+--------+

Top non-repeatable levels by time:
     D:3: 1595 daAuts
     D:1: 1246 daAuts
     D:2: 1095 daAuts
     D:5: 9 daAuts
     D:4: 3 daAuts

Table legend:
 A = Kills in this place as a percentage of kills in entire the game.
 B = Kills by you in this place as a percentage of kills by you in the entire game.
 C = Kills by friends in this place as a percentage of kills by friends in the entire game.
 D = Other kills in this place as a percentage of other kills in the entire game.
 E = Experience gained in this place as a percentage of experience gained in the entire game.
 F = Experience gained in this place divided by the number of levels of this place that you have seen.
                   A       B       C       D       E      F
               +-------+-------+-------+-------+-------+----------------------
         Total | 100.0 | 100.0 |   N/A |   N/A | 100.0 |  87.8
       Dungeon | 100.0 | 100.0 |   N/A |   N/A | 100.0 |  87.8
               +-------+-------+-------+-------+-------+----------------------
